 Dungeon Crawl Stone Soup version 0.28-a0-863-g8cecda6153 (webtiles) character file.

Game seed: 15662545502991387676

455 mcbry74 the Ruffian (level 6, -9/55 HPs)
             Began as a Troll Gladiator on Nov 18, 2021.
             Mangled by a two-headed ogre (21 damage)
             ... on level 5 of the Dungeon.
             The game lasted 00:10:56 (3427 turns).

mcbry74 the Ruffian (Troll Gladiator)               Turns: 3427, Time: 00:10:56

Health: -9/55      AC:  4    Str: 25    XL:     6   Next: 76%
Magic:  5/5        EV: 10    Int:  4    God:
Gold:   178        SH:  0    Dex: 11    Spells: 5/5 levels left

rFire   + . .      SeeInvis .     - Unarmed
rCold   . . .      Faith    .   (no shield)
rNeg    . . .      Spirit   .   a - +0 robe
rPois   .          Reflect  .   b - +0 hat
rElec   .          Harm     .   (no cloak)
rCorr   .          Rampage  .   (gloves unavailable)
Will    .....                   (boots unavailable)
Stlth   +.........              (no amulet)
HPRegen 1.18/turn               i - ring of protection from fire
MPRegen 0.09/turn               (no ring)

@: no status effects
A: large, unfitting armour, claws 3, regeneration 1, shaggy fur 1, tough skin 1
a: no special abilities


You were on level 5 of the Dungeon.
You visited 1 branch of the dungeon, and saw 5 of its levels.
You also visited: Sewer.

You collected 178 gold pieces.

Inventory:

Hand Weapons
 m - a +2 flail of draining
Missiles
 c - 3 throwing nets
 h - a large rock (quivered)
 y - 12 poisoned darts
Armour
 a - a +0 robe (worn)
 b - a +0 hat (worn)
Jewellery
 i - a ring of protection from fire (left claw)
 w - a ring of ice
Scrolls
 d - a scroll of fog {unknown}
 j - 2 scrolls of identify {unknown}
 l - a scroll of magic mapping {unknown}
 q - a scroll of holy word {unknown}
 s - a scroll of enchant armour {unknown}
 t - a scroll of enchant weapon {unknown}
 u - a scroll of amnesia {unknown}
 v - a scroll of acquirement {unknown}
 x - a scroll of immolation {unknown}
Potions
 e - 3 potions of magic {unknown}
 f - 2 potions of lignification {unknown}
 g - 2 potions of flight {unknown}
 k - 7 potions of heal wounds {unknown}
 n - 2 potions of haste {unknown}
 o - a potion of invisibility {unknown}
 p - a potion of might
 r - a potion of resistance {unknown}


   Skills:
 - Level 1.5 Fighting
 - Level 3.0(3.1) Slings
 - Level 1.7(3.1) Throwing
 - Level 2.4 Dodging
 + Level 6.1 Unarmed Combat


You had 5 spell levels left.
You didn't know any spells.
Your spell library was empty.

Dungeon Overview and Level Annotations

Branches:
Dungeon (5/15)              Sewer (visited)
 Temple: D:4-7

Altars:


Innate Abilities, Weirdness & Mutations

You are too large for most types of armour.
You have claws for hands.
Your natural rate of healing is unusually fast.
You are covered in fur. (AC +1)
You have tough skin. (AC +1)


Message History

Done exploring.
Done exploring.
There is a stone staircase leading down here.
You climb downwards.
Found 12 poisoned darts.
There is a stone staircase leading up here.
You see here 12 poisoned darts.
y - 12 poisoned darts
There is a stone staircase leading up here.
A two-headed ogre comes into view.
It is wielding a +0 giant club and a +0 giant spiked club.
The two-headed ogre shouts in stereo!
You hear an angry hiss.
Throw: 3 large rocks
Press: ? - help, Q - select action, (/) - cycle Shift-Dir - straight line, f - two-headed ogre
Aim: a two-headed ogre, wielding a +0 giant club and a +0 giant spiked club (72% to hit)
You throw a large rock.
The large rock hits the two-headed ogre!!
The two-headed ogre is moderately wounded.
There is a stone staircase leading up here.
Throw: 2 large rocks
Press: ? - help, Q - select action, (/) - cycle Shift-Dir - straight line, f/p - two-headed ogre
Aim: a two-headed ogre, wielding a +0 giant club and a +0 giant spiked club (moderately wounded, 72% to hit)
You throw a large rock.
The large rock hits the two-headed ogre!
The two-headed ogre is heavily wounded.
You barely miss the two-headed ogre.
The two-headed ogre is heavily wounded.
The two-headed ogre closely misses you.
The two-headed ogre hits you with a +0 giant spiked club!
You claw the two-headed ogre!
The two-headed ogre is severely wounded.
The two-headed ogre hits you with a +0 giant club.
The two-headed ogre hits you with a +0 giant spiked club!
You barely miss the two-headed ogre.
The two-headed ogre is severely wounded.
You claw the two-headed ogre!
The two-headed ogre is almost dead.
The two-headed ogre hits you with a +0 giant club!!
* * * LOW HITPOINT WARNING * * *
The two-headed ogre hits you with a +0 giant spiked club!!
You die...

###
....###########
###............
.......<...####
#######@####
#O# #.( ###. ..
.( ... ...


You could see a two-headed ogre.

Vanquished Creatures
  A scorpion (D:4)
  A bullfrog skeleton (D:4)
  Terence (D:2)
  An orc wizard (D:3)
  4 gnolls (D:3)
  8 adders
  9 river rats (Sewer)
  An adder skeleton (D:4)
  A worm (D:2)
  3 dart slugs
  5 orcs
  5 endoplasms
  3 giant cockroaches
  4 goblins
  5 hobgoblins
  7 jackals (D:1)
  5 quokkas
  9 ball pythons
  5 bats
  5 frilled lizards
  24 kobolds
  24 rats
131 creatures vanquished.

Vanquished Creatures (others)
  4 fungi (D:1)
  A plant (D:1)
5 creatures vanquished.

Grand Total: 136 creatures vanquished

Notes
Turn   | Place    | Note
-------+----------+-------------------------------------------
     0 | D:1      | mcbry74 the Troll Gladiator began the quest for the Orb.
     0 | D:1      | Reached XP level 1. HP: 19/19 MP: 0/0
   134 | D:1      | Reached XP level 2. HP: 25/27 MP: 1/1
   195 | D:1      | Found a faded altar of an unknown god.
   216 | D:1      | Reached skill level 1 in Slings
   245 | D:1      | Reached XP level 3. HP: 33/33 MP: 2/2
   964 | D:2      | Noticed Terence
   975 | D:2      | Killed Terence
   976 | D:2      | Reached skill level 4 in Unarmed Combat
   976 | D:2      | Reached XP level 4. HP: 40/41 MP: 3/3
  1687 | D:3      | Reached XP level 5. HP: 46/48 MP: 4/4
  1822 | D:3      | Found a glowing drain.
  1826 | Sewer    | Entered a sewer
  2024 | Sewer    | Reached skill level 5 in Unarmed Combat
  2146 | Sewer    | Reached XP level 6. HP: 55/55 MP: 5/5
  3041 | D:4      | Reached skill level 6 in Unarmed Combat
  3415 | D:5      | Entered Level 5 of the Dungeon
  3419 | D:5      | Noticed a two-headed ogre
  3427 | D:5      | Mangled by a two-headed ogre

Illustrated notes

Levels and vault maps discovered:
D:1:      dpeg_arrival_court, layout_basic, dreamdust_ecumenical_altar_grove
D:2:      layout_basic, uniq_terence
D:3:      cheibrodos_helix_gallery, layout_basic, gup_sewer_entry_bowl,
          grunt_ministairs_11, minmay_misc_feat_pillars
D:4:      layout_rooms
D:5:      layout_rooms, nicolae_figureground_pulse

Skill      XL: |  1  2  3  4  5  6 |
---------------+-------------------+-----
Slings         | 1 2 3 |  3.0
Unarmed Combat | 4 5 6 |  6.1
Fighting       | |  1.5
Throwing       | |  1.7
Dodging        | |  2.4

Action                   |  1- 3 |  4- 6 || total
-------------------------+-------+-------++-------
Melee: Unarmed           |    98 |   252 ||   350
       Punch             |     2 |     6 ||     8
Throw: Large rock        |       |     2 ||     2
  Use: Scroll            |       |     2 ||     2
 Stab: Sleeping          |       |     2 ||     2
Armor: Robe              |    28 |    94 ||   122
Dodge: Dodged            |    42 |   160 ||   202

Table legend: (Time is in decaauts)
 A = Elapsed time spent in this place.
 B = Non-inter-level travel time spent in this place.
 C = Inter-level travel time spent in this place.
 D = Time resting spent in this place.
 E = Time spent auto-exploring this place.
 F = Levels seen in this place.
 G = Mean time per level.
                   A        B        C        D        E       F      G
               +--------+--------+--------+--------+--------+-----+--------+
         Total |   3416 |   3358 |     58 |     10 |   2373 |   6 |  569.3 |
       Dungeon |   2950 |   2892 |     58 |     10 |   2140 |   5 |  590.0 |
         Sewer |    465 |    465 |      0 |      0 |    233 |   1 |  465.0 |
               +--------+--------+--------+--------+--------+-----+--------+

Top non-repeatable levels by time:
     D:3: 1000 daAuts
     D:2: 987 daAuts
     D:1: 533 daAuts
   Sewer: 465 daAuts
     D:4: 415 daAuts
     D:5: 13 daAuts
